 Dungeon Crawl Stone Soup version 0.18.1-48-g4cf74bf (console) character file.

68691 Kloppie the Impaler (level 15, 0/125 HPs)
             Began as a Merfolk Berserker on June 26, 2016.
             Was the Champion of Trog.
             Slain by an ettin
             ... wielding a +0 dire flail
              (19 damage)
             ... on level 2 of the Orcish Mines.
             The game lasted 00:36:49 (18106 turns).

Kloppie the Impaler (Merfolk Berserker)            Turns: 18106, Time: 00:36:50

Health: 0/125      AC: 21    Str: 18    XL:     15   Next: 27%
Magic:  24/24      EV: 20    Int: 12    God:    Trog [******]
Gold:   586        SH:  6    Dex: 18    Spells: 0 memorised, 14 levels left

rFire  + + .     SeeInvis .     a - +2 glaive (flame)
rCold  + + .     Gourm    .     n - +3 scale mail {rPois}
rNeg   . . .     Faith    .     (shield currently unavailable)
rPois  +         Spirit   .     y - +1 helmet
rElec  .         Dismiss  .     q - +2 cloak {+Inv}
rCorr  .         Reflect  +     E - +0 pair of gloves
SustAt .         Harm     .     B - +1 pair of boots
MR     +....                    I - amulet of the Grey Skies {Reflect rF+ SH+6}
Stlth  ..........               t - ring "Muificli" {rF+ rC++ MP+9 Int+4 Stlth-}
                                s - ring of poison resistance

@: somewhat resistant to hostile enchantments, extremely unstealthy
A: change form in water, swift swim
a: Berserk, Trog's Hand, Brothers in Arms, Burn Spellbooks, Renounce Religion,
Evoke Invisibility


You were on level 2 of the Orcish Mines.
You worshipped Trog.
Trog was exalted by your worship.
You were not hungry.

You visited 3 branches of the dungeon, and saw 20 of its levels.
You also visited: Bailey and Volcano.

You collected 2102 gold pieces.
You spent 1516 gold pieces at shops.

Inventory:

Hand Weapons
 a - a +2 glaive of flaming (weapon)
 b - a +1 glaive of venom
 v - a +0 demon trident of venom
Armour
 n - a +3 scale mail of poison resistance (worn)
 q - a +2 cloak of invisibility (worn)
 y - a +1 helmet (worn)
 B - a +1 pair of boots (worn)
 E - a +0 pair of gloves (worn)
 F - a +2 leather armour of fire resistance
Jewellery
 o - an uncursed ring of sustain attributes
 s - a ring of poison resistance (left hand)
 t - the ring "Muificli" (right hand) {rF+ rC++ MP+9 Int+4 Stlth-}
   (You bought it in a shop on level 2 of the Orcish Mines)

   [ring of protection from fire]

   It affects your intelligence (+4).
   It protects you from fire.
   It greatly protects you from cold.
   It affects your magic capacity (+9).
   It makes you less stealthy.
 I - the amulet of the Grey Skies (around neck) {Reflect rF+ SH+6}
   (You found it on level 9 of the Dungeon)

   [amulet of reflection]

   It shields you and reflects attacks.
   It protects you from fire.
   It affects your SH (+6).
Wands
 k - a wand of digging (12/24)
 r - a wand of hasting (5/9)
 C - a wand of digging (24/24)
 H - a wand of teleportation (2/9)
Scrolls
 d - 2 scrolls of blinking
 f - a scroll of fog
 j - 4 scrolls of remove curse
 m - 3 scrolls of enchant armour
 J - 7 scrolls of teleportation
 L - 2 scrolls of identify
 O - a scroll of fear
Potions
 e - 4 potions of might
 g - 9 potions of curing
 i - 5 potions of flight
 p - a potion of haste
 x - a potion of invisibility
 D - 5 potions of resistance
 G - a potion of agility
Comestibles
 c - 9 bread rations
 l - 3 slices of pizza
 u - 6 meat rations
 w - 5 beef jerkies


   Skills:
 + Level 13.7 Fighting
 + Level 20.2 Polearms
 - Level 10.0 Armour
 - Level 14.7 Dodging


You had 14 spell levels left.
You didn't know any spells.

Dungeon Overview and Level Annotations

Branches:
Dungeon (11/15)            Temple (0/1) D:7            Lair (7/8) D:8
  Swamp (0/4) Lair:5       Spider (0/4) Lair:5        Slime (0/6) Lair:6
    Orc (2/2) D:11
    Elf: Orc:2

Altars:
Cheibriados
Dithmenos
Elyvilon
Gozag
Nemelex Xobeh
Pakellas
Ru
Trog
Vehumet
The Shining One

Shops:
D:4 *   D:5 :   Orc:2 *=


Message History

* * * LOW HITPOINT WARNING * * *
You are too injured to fight recklessly!
You are too injured to fight recklessly!
You are too injured to fight recklessly!
You are too injured to fight recklessly!
You are too injured to fight recklessly!
You are too injured to fight recklessly!
You are too injured to fight recklessly!
The ettin barely misses you. The ettin misses you. You block the orc's attack.
You climb downwards.
There is a stone staircase leading up here.
You barely miss the orc. The ogre hits you but does no damage.
The ettin hits you with a dire flail!!
* * * LOW HITPOINT WARNING * * *
The ettin hits you with a dire flail!!
* * * LOW HITPOINT WARNING * * *
The orc closely misses you.
You hit the orc but do no damage. The ettin misses you.
The ettin hits you with a dire flail!!
You die...

#..# ##..## ####....#
##.#.....# ####... ##
#........####.......... #.
#####.........#.........###.
#..#..........#...........#.
#.......#.#o.......##.......
#....######@O......###......
##.....##.C.........#.......
#.....##..........##.......
##...)[..............))....
#...........##.......#..##
##.#)...#.#######....#####
####...### #......# ......#
###...## .......# ##.##


You could see an ettin, an ogre and an orc.

Vanquished Creatures
  Donald (Orc:2)
  Josephine (D:11)
  2 hydras
  Erolcha (D:9)
  A queen ant (Lair:5)
  An unseen horror (D:10)
  3 orc knights (Bailey)
  Pikel (D:6)
  4 ugly things
  A griffon (Lair:3)
  8 elephants
  The ghost of Vincendra the Thaumaturge, a novice DEFE of Sif Muna (D:5)
  4 black mambas
  A molten gargoyle (Volcano)
  A toenail golem (Volcano)
  7 spiny frogs
  3 rime drakes
  3 jumping spiders (Lair:5)
  19 blink frogs
  A shadow (D:11)
  5 redbacks (Lair:5)
  27 yaks
  A spriggan (D:7)
  4 wraiths
  A basilisk (Lair:3)
  7 hippogriffs
  A hungry ghost (D:8)
  2 wargs (Orc:1)
  19 soldier ants (Lair:5)
  10 water moccasins
  8 porcupines
  A sky beast (D:7)
  4 ice beasts
  10 orc warriors
  A slave (D:6)
  A black bear (Lair:1)
  A phantom (D:11)
  A wasp (D:11)
  15 wolves
  7 ogres
  3 centaurs
  8 crocodiles
  2 big kobolds
  A gnoll sergeant (D:9)
  14 giant frogs
  An earth elemental (Volcano)
  3 scorpions
  A wyvern skeleton (D:11)
  10 wights
  10 crimson imps
  2 giant frog zombies
  3 centaur zombies
  3 hounds
  5 jellies
  17 orc wizards
  Crazy Yiuf (D:2)
  11 orc priests
  A centaur skeleton (D:4)
  9 iguanas
  7 hell rats (Lair:7)
  22 worker ants
  A killer bee zombie (D:8)
  12 sheep
  A hound skeleton (D:10)
  A worker ant zombie (D:5)
  6 gnolls
  39 river rats
  17 adders
  2 shadow imps
  A white imp (D:11)
  5 oozes (Lair:6)
  An adder skeleton (D:7)
  A worm (D:2)
  3 dart slugs
  5 giant geckos
  99 orcs
  4 ball pythons
  7 bats
  3 giant cockroaches
  11 hobgoblins
  4 jackals (D:9)
  4 quokkas
  2 giant gecko skeletons (D:5)
  4 giant newts
  14 goblins
  24 kobolds
  2 quokka skeletons (D:5)
  A quokka zombie (D:6)
  25 rats
  A fire vortex (Volcano)
  A fungus (D:8)
625 creatures vanquished.

Vanquished Creatures (collateral kills)
  Rupert (Lair:5)
  Harold (D:11)
  A hydra (Lair:1)
  An orc high priest (D:11)
  2 orc knights (Bailey)
  A spiny frog (Lair:5)
  5 blink frogs (Lair:5)
  A wyvern (Lair:5)
  A hungry ghost (D:11)
  A soldier ant (Lair:5)
  3 orc warriors (Bailey)
  2 centaurs (D:11)
  A wyvern skeleton (D:11)
  A hound (D:11)
  An orc wizard (D:11)
  3 sheep (Lair:5)
  5 orcs
31 creatures vanquished.

Vanquished Creatures (others)
  Fannar (Orc:1)
  A fire elemental (Volcano)
  A water moccasin skeleton (D:6)
  2 orcs
  2 fungi
  2 plants (Lair:5)
9 creatures vanquished.

Grand Total: 665 creatures vanquished

Notes
Turn   | Place    | Note
--------------------------------------------------------------
     0 | D:1      | Kloppie the Merfolk Berserker began the quest for the Orb.
     0 | D:1      | Reached XP level 1. HP: 18/18 MP: 1/1
   142 | D:1      | Reached XP level 2. HP: 24/24 MP: 2/2
   828 | D:1      | Reached ** piety under Trog
   861 | D:2      | Reached XP level 3. HP: 24/30 MP: 3/3
   919 | D:2      | Found an opulent altar of Gozag.
  1094 | D:2      | Reached skill level 5 in Polearms
  1155 | D:2      | Noticed Crazy Yiuf
  1170 | D:2      | Killed Crazy Yiuf
  1170 | D:2      | Reached XP level 4. HP: 37/37 MP: 4/4
  2055 | D:3      | Reached XP level 5. HP: 24/43 MP: 5/5
  2501 | D:3      | Reached skill level 6 in Polearms
  2766 | D:3      | Reached skill level 5 in Dodging
  3323 | D:4      | Reached XP level 6. HP: 46/50 MP: 6/6
  3422 | D:4      | Found an oddly glowing altar of Pakellas.
  3491 | D:4      | Reached *** piety under Trog
  3510 | D:4      | Reached skill level 5 in Fighting
  3731 | D:4      | Found Niyficwi's General Store.
  3741 | D:4      | Bought a potion of degeneration for 14 gold pieces
  3741 | D:4      | Bought a potion of heal wounds for 70 gold pieces
  3741 | D:4      | Bought a scroll of identify for 28 gold pieces
  4262 | D:4      | Found a white marble altar of Elyvilon.
  4329 | D:4      | Reached skill level 7 in Polearms
  4532 | D:5      | Entered Level 5 of the Dungeon
  4613 | D:5      | Reached XP level 7. HP: 46/57 MP: 7/7
  4764 | D:5      | Found a sparkling altar of Nemelex Xobeh.
  4840 | D:5      | Noticed Vincendra's ghost (novice DEFE)
  4862 | D:5      | Killed Vincendra's ghost
  4862 | D:5      | Reached skill level 8 in Polearms
  4862 | D:5      | Reached XP level 8. HP: 65/65 MP: 8/8
  4967 | D:5      | Found a glowing golden altar of the Shining One.
  5001 | D:5      | Found a sparkling altar of Nemelex Xobeh.
  5061 | D:5      | Reached skill level 9 in Polearms
  5242 | D:5      | Reached skill level 17 in Polearms
  5242 | D:5      | Reached XP level 9. HP: 72/72 MP: 9/9
  5320 | D:5      | Found a bloodstained altar of Trog.
  5416 | D:5      | Found Hoirph's Book Emporium.
  5682 | D:6      | Noticed Pikel
  5717 | D:6      | Killed Pikel
  6237 | D:7      | Reached XP level 10. HP: 76/80 MP: 10/10
  6257 | D:7      | Reached **** piety under Trog
  6374 | D:7      | Found a staircase to the Ecumenical Temple.
  6654 | D:8      | Found a sacrificial altar of Ru.
  6747 | D:8      | Found a shadowy altar of Dithmenos.
  6943 | D:8      | Found a staircase to the Lair.
  7036 | D:8      | Found a flagged portal.
  7055 | Bailey   | Entered a bailey
  7353 | Bailey   | Reached XP level 11. HP: 87/87 MP: 11/11
  7383 | Bailey   | Noticed an orc knight
  7383 | Bailey   | Noticed an orc knight
  7404 | Bailey   | Killed an orc knight
  7407 | Bailey   | Killed an orc knight
  7436 | Bailey   | Noticed an orc knight
  7436 | Bailey   | Noticed an orc knight
  7445 | Bailey   | Killed an orc knight
  7447 | Bailey   | Noticed an orc knight
  7454 | Bailey   | Killed an orc knight
  7492 | Bailey   | Killed an orc knight
  8002 | D:8      | You fall through a shaft!
  8218 | D:9      | Got a brightly glowing iron amulet
  8240 | D:9      | Identified the amulet of the Grey Skies {Reflect rF+ SH+6} (You found it on level 9 of the Dungeon)
  8283 | D:9      | Noticed Erolcha
  8299 | D:9      | Killed Erolcha
  8299 | D:9      | Reached XP level 12. HP: 68/95 MP: 12/12
  8504 | D:9      | Reached skill level 5 in Armour
  8655 | D:10     | Entered Level 10 of the Dungeon
  8702 | D:10     | Found a radiant altar of Vehumet.
  8749 | D:10     | Found a snail-covered altar of Cheibriados.
  8828 | D:10     | Reached ***** piety under Trog
  9702 | D:11     | Noticed Josephine
  9726 | D:11     | Killed Josephine
 10127 | D:11     | Found a staircase to the Orcish Mines.
 10149 | D:11     | Noticed Harold
 10155 | D:11     | Received a gift from Trog
 10166 | D:11     | Killed Harold
 10169 | D:11     | Reached skill level 10 in Fighting
 10659 | Lair:1   | Entered Level 1 of the Lair of Beasts
 10683 | Lair:1   | Found a dark tunnel.
 10690 | Volcano  | Entered a volcano
 11232 | Lair:1   | Noticed an eight-headed hydra
 11244 | Lair:1   | Killed an eight-headed hydra
 11518 | Lair:2   | Reached XP level 13. HP: 104/104 MP: 13/13
 12783 | Lair:3   | Reached XP level 14. HP: 113/113 MP: 14/14
 12978 | Lair:3   | Reached skill level 10 in Armour
 13506 | Lair:4   | Reached skill level 18 in Polearms
 13987 | Lair:5   | Noticed Rupert
 13996 | Lair:5   | Killed Rupert
 14270 | Lair:5   | Received a gift from Trog
 14534 | Lair:5   | Reached skill level 19 in Polearms
 14914 | Lair:5   | Found a hole to the Spider Nest.
 14984 | Lair:5   | Found a staircase to the Swamp.
 15306 | Lair:6   | Found a staircase to the Slime Pits.
 15907 | Lair:7   | Reached ****** piety under Trog
 15939 | Lair:7   | Reached XP level 15. HP: 118/123 MP: 15/15
 16010 | Lair:7   | Received a gift from Trog
 16011 | Lair:7   | Got a translucent bardiche {god gift}
 16023 | Lair:7   | Identified the +8 bardiche "Raeteun" {distort, rPois Dex-5 SInv} (Trog gifted it to you on level 7 of the Lair of Beasts)
 16587 | Lair:7   | Reached skill level 20 in Polearms
 16978 | Orc:1    | Entered Level 1 of the Orcish Mines
 16978 | Orc:1    | Noticed Fannar
 17296 | Orc:1    | Killed Fannar
 17713 | Orc:2    | Entered Level 2 of the Orcish Mines
 17713 | Orc:2    | Found Ceffev's Jewellery Emporium.
 17720 | Orc:2    | Received a gift from Trog
 17740 | Orc:2    | Bought a cursed -4 ring of protection for 24 gold pieces
 17740 | Orc:2    | Bought the ring "Muificli" {rF+ rC++ MP+9 Int+4 Stlth-} for 678 gold pieces
 17745 | Orc:2    | Found Savemo's General Store.
 17773 | Orc:2    | Bought a wand of hasting (5/9) for 702 gold pieces
 17849 | Orc:2    | Noticed Donald
 17876 | Orc:2    | Killed Donald
 18106 | Orc:2    | Slain by an ettin

Skill      XL: |  1  2  3  4  5  6  7  8  9 10 11 12 13 14 15 |
---------------+----------------------------------------------+-----
Dodging        | 3 4 5 6 7 8 14 | 14.7
Fighting       | 4 5 6 7 8 9 10 11 13 | 13.7
Polearms       | 5 6 7 8 17 19 20 | 20.2
Armour         | 2 3 4 7 9 10 | 10.0

Action                   |  1- 3 |  4- 6 |  7- 9 | 10-12 | 13-15 || total
-------------------------+-------+-------+-------+-------+-------++-------
Melee: Spear             |   126 |   177 |       |       |       ||   303
       Trident           |       |   129 |   116 |       |       ||   245
       Halberd           |       |       |   102 |   883 |   200 ||  1185
       Glaive            |       |       |       |       |   808 ||   808
Invok: Trog's Hand       |     1 |     5 |     2 |    11 |     7 ||    26
       Berserk           |     1 |     2 |     1 |     2 |     2 ||     8
       Brothers in Arms  |       |       |       |     3 |     2 ||     5
Evoke: Wand              |       |     4 |       |     1 |     1 ||     6
  Use: Scroll            |       |     9 |     9 |    17 |    12 ||    47
       Potion            |       |       |     3 |     7 |     2 ||    12
 Stab: Sleeping          |       |       |       |       |     5 ||     5
       Distracted        |       |       |       |       |     1 ||     1
  Eat: Chunk             |     1 |    11 |     6 |    22 |    16 ||    56
       Bread ration      |       |     1 |       |       |       ||     1
       Meat ration       |       |       |       |       |     2 ||     2
Armor: Animal skin       |     4 |       |       |       |       ||     4
       Scale mail        |     9 |    80 |    48 |    96 |   149 ||   382
       Ring mail         |     1 |       |       |    28 |       ||    29
       Skin              |       |       |     3 |       |     1 ||     4
       Leather armour    |       |       |       |    28 |    35 ||    63
Dodge: Dodged            |    47 |   153 |    74 |   480 |   567 ||  1321
Block: Other             |       |       |       |    93 |   195 ||   288
       Reflection        |       |       |       |    11 |     1 ||    12
